 Dungeon Crawl Stone Soup version 0.18.1-48-g4cf74bf (webtiles) character file.

3482 dearth the Cleaver (level 10, -4/96 HPs)
             Began as a Hill Orc Fighter on Aug 5, 2016.
             Slain by ThereIsNoGod's ghost (21 damage)
             ... on level 8 of the Dungeon.
             The game lasted 00:23:46 (7041 turns).

dearth the Cleaver (Hill Orc Fighter)               Turns: 7041, Time: 00:23:47

Health: -4/96      AC: 13    Str: 23    XL:     10   Next: 7%
Magic:  13/13      EV:  8    Int:  8    God:
Gold:   379        SH: 12    Dex: 10    Spells: 0 memorised, 9 levels left

rFire  . . .     SeeInvis .     x - +2 hand axe (chop)
rCold  . . .     Gourm    .     b - +0 scale mail
rNeg   . . .     Faith    .     c - +1 shield
rPois  .         Spirit   .     k - +0 helmet
rElec  .         Dismiss  .     F - +2 cloak {+Inv}
rCorr  .         Reflect  .     m - +0 pair of gloves
SustAt .         Harm     .     (no boots)
MR     .....                    (no amulet)
Stlth  ..........               (no ring)
                                (no ring)

@: not resistant to hostile enchantments, extremely unstealthy
A: robust 1
a: Evoke Invisibility


You were on level 8 of the Dungeon.
You were not hungry.

You visited 2 branches of the dungeon, and saw 9 of its levels.

You collected 379 gold pieces.

Inventory:

Hand Weapons
 x - a +2 hand axe of chopping (weapon)
Armour
 b - a +0 scale mail (worn)
 c - a +1 shield (worn)
 k - a +0 helmet (worn)
 m - a +0 pair of gloves (worn)
 F - a +2 cloak of invisibility (worn)
 L - a +2 cloak
Wands
 a - a wand of flame (33/48)
 E - a wand of teleportation (9/9)
Scrolls
 d - a scroll of blinking {unknown}
 i - 3 scrolls of enchant armour
 p - 2 scrolls of amnesia
 q - a scroll of remove curse
 s - 8 scrolls of identify
 w - a scroll of enchant weapon
Potions
 e - 3 potions of heal wounds
 g - a potion of cure mutation
 l - 2 potions of mutation
 r - a potion of cancellation
 H - a potion of flight
Books
 n - a book of Fire

   Spells                             Type                      Level
   a - Ignite Poison                  Fire/Transmutation/Poison    3
   b - Fireball                       Conjuration/Fire             5
   c - Bolt of Fire                   Conjuration/Fire             6
   d - Delayed Fireball               Conjuration/Fire             7
   e - Ring of Flames                 Charms/Fire                  7
Comestibles
 f - 7 bread rations
 o - 2 meat rations
 J - 3 beef jerkies


   Skills:
 + Level 8.2 Fighting
 * Level 11.2 Axes
 + Level 7.0 Armour
 + Level 7.4 Shields
 + Level 4.1 Evocations


You had 9 spell levels left.
You didn't know any spells.

Dungeon Overview and Level Annotations

Branches:
Dungeon (8/15)             Temple (1/1) D:4
   Lair: D:8-11

Altars:
Cheibriados
Dithmenos
Elyvilon
Fedhas
Gozag
Kikubaaqudgha
Nemelex Xobeh
Qazlal
Ru
Sif Muna
Trog
Vehumet
Yredelemnul
The Shining One

Shops:
D:5 (

Annotations:
D:8 ThereIsNoGod's ghost, novice MiGl


Innate Abilities, Weirdness & Mutations

You are robust (+10% HP).


Message History

ThereIsNoGod's ghost hits you!
Your shield and scale mail prevent you from hitting ThereIsNoGod's ghost.
ThereIsNoGod's ghost is moderately damaged.
You block ThereIsNoGod's ghost's attack.
You closely miss ThereIsNoGod's ghost.
ThereIsNoGod's ghost is moderately damaged.
ThereIsNoGod's ghost hits you but does no damage.
You hit ThereIsNoGod's ghost but do no damage.
ThereIsNoGod's ghost is moderately damaged.
You slash ThereIsNoGod's ghost!
ThereIsNoGod's ghost is heavily damaged.
ThereIsNoGod's ghost hits you!!
* * * LOW HITPOINT WARNING * * *
You hit ThereIsNoGod's ghost.
ThereIsNoGod's ghost is severely damaged.
You block ThereIsNoGod's ghost's attack.
You barely miss ThereIsNoGod's ghost.
ThereIsNoGod's ghost is severely damaged.
ThereIsNoGod's ghost hits you!!
You die...

#†# #..
#.# #..
#.# #..
#.# #..
#######.#
#..
#.......#
#..
#.......#
#......##
#@(....#
#W.....#
#......#
#......#
########


You could see ThereIsNoGod's ghost.

Vanquished Creatures
  Pikel (D:7)
  Joseph (D:7)
  Grinder (D:5)
  A slime creature (D:7)
  Duvessa (D:5)
  3 slaves (D:7)
  An orc warrior (D:6)
  A sky beast (D:7)
  4 ogres
  A centaur (D:7)
  3 giant frogs
  Dowan (D:5)
  A scorpion (D:6)
  6 killer bees (D:8)
  3 orc priests (D:6)
  3 orc wizards
  Crazy Yiuf (D:7)
  5 hounds
  9 jellies
  An iguana (D:7)
  3 worker ants
  2 worker ant zombies
  4 gnolls
  8 adders
  2 shadow imps
  14 oozes
  3 worms
  4 dart slugs
  8 giant geckos
  23 orcs
  6 giant cockroaches
  5 goblins
  5 hobgoblins
  8 jackals
  6 quokkas
  A ball python (D:3)
  4 bats
  3 giant newts (D:1)
  2 jackal skeletons
  8 kobolds
  A quokka skeleton (D:4)
  9 rats
177 creatures vanquished.

Vanquished Creatures (others)
  A jelly (D:7)
  An ooze (D:7)
  3 fungi (D:7)
  A plant (D:2)
6 creatures vanquished.

Grand Total: 183 creatures vanquished

Notes
Turn   | Place    | Note
--------------------------------------------------------------
     0 | D:1      | dearth the Hill Orc Fighter began the quest for the Orb.
     0 | D:1      | Reached XP level 1. HP: 19/19 MP: 1/1
    78 | D:1      | Reached skill level 3 in Axes
    78 | D:1      | Reached XP level 2. HP: 27/27 MP: 2/2
   716 | D:2      | Reached XP level 3. HP: 33/33 MP: 3/3
  1074 | D:2      | Reached skill level 4 in Axes
  1074 | D:2      | Reached XP level 4. HP: 32/41 MP: 4/4
  1576 | D:3      | Reached XP level 5. HP: 47/47 MP: 5/5
  2065 | D:3      | Reached skill level 5 in Fighting
  2065 | D:3      | Reached skill level 5 in Axes
  2428 | D:4      | Reached XP level 6. HP: 56/56 MP: 6/6
  2436 | D:4      | Found a staircase to the Ecumenical Temple.
  2442 | Temple   | Entered the Ecumenical Temple
  2891 | D:5      | Entered Level 5 of the Dungeon
  2960 | D:5      | Reached skill level 6 in Axes
  2985 | D:5      | Found Maihyuff's Weapon Emporium.
  3083 | D:5      | Noticed Grinder
  3098 | D:5      | Paralysed by Grinder for 2 turns
  3104 | D:5      | Killed Grinder
  3104 | D:5      | Reached XP level 7. HP: 46/62 MP: 7/7
  3303 | D:5      | Noticed Dowan
  3306 | D:5      | Noticed Duvessa
  3324 | D:5      | Killed Dowan
  3328 | D:5      | Killed Duvessa
  3328 | D:5      | Reached skill level 7 in Axes
  3328 | D:5      | Reached skill level 5 in Armour
  3328 | D:5      | Reached skill level 5 in Shields
  3646 | D:5      | Reached XP level 8. HP: 40/70 MP: 8/8
  4075 | D:6      | Reached skill level 8 in Axes
  4081 | D:6      | Reached skill level 1 in Evocations
  5176 | D:7      | Noticed Joseph
  5214 | D:7      | Paralysed by Joseph for 5 turns
  5221 | D:7      | Killed Joseph
  5221 | D:7      | Reached skill level 9 in Axes
  5462 | D:7      | Reached XP level 9. HP: 66/79 MP: 10/10
  5727 | D:7      | Noticed Crazy Yiuf
  5737 | D:7      | Killed Crazy Yiuf
  5771 | D:7      | Gained mutation: Potions and wands are less effective at restoring your health. [potion of mutation]
  5771 | D:7      | Gained mutation: Your flesh is heat resistant. [potion of mutation]
  5771 | D:7      | Gained mutation: You are frail (-10% HP). [potion of mutation]
  5772 | D:7      | Lost mutation: You are frail (-10% HP). [potion of cure mutation]
  5772 | D:7      | Lost mutation: Your flesh is heat resistant. [potion of cure mutation]
  5772 | D:7      | Lost mutation: Potions and wands are less effective at restoring your health. [potion of cure mutation]
  5781 | D:7      | Gained mutation: You are robust (+10% HP). [potion of beneficial mutation]
  5894 | D:7      | Noticed Pikel
  5915 | D:7      | Killed Pikel
  5915 | D:7      | Reached skill level 10 in Axes
  6615 | D:8      | Reached skill level 11 in Axes
  6615 | D:8      | Reached XP level 10. HP: 85/96 MP: 12/12
  6662 | D:8      | Found a white marble altar of Elyvilon.
  6703 | D:8      | Noticed ThereIsNoGod's ghost (novice MiGl)
  7041 | D:8      | Slain by ThereIsNoGod's ghost

Skill      XL: |  1  2  3  4  5  6  7  8  9 10 |
---------------+-------------------------------+-----
Axes           | 3 4 5 6 7 9 11 | 11.2
Fighting       | 4 5 6 7 8 |  8.2
Shields        | 4 5 6 7 |  7.4
Armour         | 4 5 6 7 |  7.0
Evocations     | 2 3 4 |  4.1

Action                   |  1- 3 |  4- 6 |  7- 9 | 10-12 || total
-------------------------+-------+-------+-------+-------++-------
Melee: War axe           |   104 |   145 |       |       ||   249
       Hand axe          |       |   113 |   355 |    56 ||   524
  Use: Potion            |       |       |    14 |     1 ||    15
       Scroll            |       |       |    12 |       ||    12
  Eat: Chunk             |     1 |     5 |     7 |       ||    13
       Pizza             |       |     1 |     1 |       ||     2
       Beef jerky        |       |       |     2 |     2 ||     4
Armor: Scale mail        |    64 |   134 |   107 |    20 ||   325
Dodge: Dodged            |    35 |    83 |    86 |    16 ||   220
Block: Shield            |    53 |   148 |   148 |    24 ||   373
